 Dungeon Crawl Stone Soup version 0.25-a0-503-ge281fa6 (webtiles) character file.

Game seed: 9439855572964934699, levelgen mode: deterministic

947 15 the Ruffian (level 7, -4/57 HPs)
             Began as a Black Draconian Transmuter on Feb 13, 2020.
             Slain by an iguana (6 damage)
             ... on level 7 of the Dungeon.
             The game lasted 00:13:13 (4508 turns).

15 the Ruffian (Black Draconian Transmuter)         Turns: 4508, Time: 00:13:15

Health: -4/57      AC:  8    Str: 13    XL:     7   Next: 89%
Magic:  12/13      EV: 13    Int: 14    God:
Gold:   276        SH:  0    Dex: 15    Spells: 4/14 levels left

rFire    + + .     SeeInvis .     - Unarmed
rCold    + . .     Gourm    .   (no shield)
rNeg     . . .     Faith    .   (armour unavailable)
rPois    +         Spirit   .   (helmet restricted)
rElec    +         Reflect  .   h - +0 cloak
rCorr    +         Harm     .   q - +0 pair of gloves
MR       .....                  (no boots)
Stlth    ++........             (no amulet)
HPRegen  0.19/turn              o - ring of protection from fire
MPRegen  0.13/turn              b - +3 ring of dexterity

@: resistant
A: breathe lightning, unfitting armour, electricity resistance, cold-blooded, AC
+6
a: Breathe Lightning


You were on level 7 of the Dungeon.
You were near starving.

You visited 1 branch of the dungeon, and saw 7 of its levels.

You collected 276 gold pieces.

Inventory:

Missiles
 a - 173 arrows
Armour
 h - a +0 cloak (worn)
 q - a +0 pair of gloves (worn)
Jewellery
 b - a +3 ring of dexterity (right hand)
 k - an uncursed ring of resist corrosion
 o - a ring of protection from fire (left hand)
Wands
 f - a wand of digging (3)
 i - a wand of flame (7)
 n - a wand of iceblast (10)
Scrolls
 e - a scroll of vulnerability
 m - 2 scrolls of teleportation
 p - a scroll of immolation
Potions
 d - 3 potions of brilliance
Comestibles
 c - 14 rations


   Skills:
 * Level 3.0 Fighting
 * Level 3.3 Dodging
 + Level 1.6 Stealth
 + Level 5.3 Unarmed Combat
 * Level 4.3 Spellcasting
 * Level 4.1 Transmutations
 + Level 0.2 Poison Magic
 * Level 2.2 Evocations


You had 4 spell levels left.
You knew the following spells:

 Your Spells              Type           Power        Failure   Level  Hunger
a - Beastly Appendage     Tmut           ##....       3%          1    None
b - Sticks to Snakes      Tmut           ##......     5%          2    ##.....
c - Spider Form           Tmut/Pois      #.........   22%         3    ###....
d - Ice Form              Ice/Tmut       #.......     61%         4    ####...

Your spell library contained the following spells:

 Spells                   Type           Power        Failure   Level  Hunger
 Blade Hands              Tmut           ##........   67%         5    ######.


Dungeon Overview and Level Annotations

Branches:
Dungeon (8/15)
 Temple: D:4-7         Lair: D:8-11

Altars:
Hepliaklqana


Innate Abilities, Weirdness & Mutations

You can breathe wild blasts of lightning.
Your glossy black scales are hard. (AC +6)
You cannot fit into any form of body armour.
You are resistant to electric shocks. (rElec)
You are cold-blooded and may be slowed by cold attacks.


Message History

Your Fighting skill increases to level 3!
Your Transmutations skill increases to level 4!
You hit the iguana but do no damage.
The iguana is poisoned.
The iguana barely misses you.
You barely miss the iguana.
The iguana is lightly wounded.
The iguana closely misses you.
You hit the iguana but do no damage.
The iguana looks as sick as possible!
The iguana is moderately wounded.
You hit the iguana but do no damage.
The iguana looks as sick as possible!
The iguana is moderately wounded.
The iguana bites you.
* * * LOW HITPOINT WARNING * * *
You barely miss the iguana.
The iguana is heavily wounded.
Your transformation has ended.
Your +0 cloak unmelds from your body.
Your +0 pair of gloves unmelds from your body.
The iguana bites you.
You die...

.).. #..#
...#
##..#
...# #))#
#.h# ##l#
#@# #.#
#........
#.######.
#.# #.#
#.# #.#
...


You could see an iguana and a jackal.

Vanquished Creatures
  Eustachio (D:5)
  A phantom (D:4)
  An ogre (D:7)
  4 hounds
  An orc priest (D:4)
  A bullfrog skeleton (D:4)
  A gnoll shaman (D:7)
  2 orc wizards (D:4)
  Ijyb (D:3)
  An iguana (D:4)
  Natasha (twice) (D:2)
  2 worker ants (D:4)
  A hound skeleton (D:4)
  7 gnolls
  7 adders
  3 dart slugs
  3 leopard geckos (D:3)
  4 orcs
  6 bats
  6 giant cockroaches
  6 goblins
  2 hobgoblins (D:3)
  6 jackals
  A quokka (D:3)
  A ball python (D:4)
  6 frilled lizards
  7 kobolds
  A leopard gecko skeleton (D:4)
  7 rats
92 creatures vanquished.

Vanquished Creatures (collateral kills)
  Natasha (D:2)
  An adder (D:2)
2 creatures vanquished.

Grand Total: 94 creatures vanquished

Notes
Turn   | Place    | Note
-------+----------+-------------------------------------------
     0 | D:1      | 15 the Draconian Transmuter began the quest for the Orb.
     0 | D:1      | Reached XP level 1. HP: 16/16 MP: 3/3
   486 | D:1      | Reached XP level 2. HP: 18/23 MP: 5/5
   601 | D:1      | Learned a level 2 spell: Sticks to Snakes
   873 | D:2      | Reached XP level 3. HP: 13/28 MP: 2/6
  1483 | D:2      | Noticed Natasha
  1488 | D:2      | Killed Natasha
  1488 | D:2      | Reached XP level 4. HP: 20/35 MP: 1/7
  1634 | D:2      | Learned a level 3 spell: Spider Form
  1875 | D:2      | Noticed Natasha
  1883 | D:2      | Killed Natasha
  1963 | D:2      | Noticed Natasha
  1973 | D:2      | Killed Natasha
  1973 | D:2      | Reached XP level 5. HP: 37/40 MP: 7/9
  2376 | D:3      | Reached skill level 4 in Unarmed Combat
  2615 | D:3      | Noticed Ijyb
  2639 | D:3      | Killed Ijyb
  2923 | D:4      | Reached skill level 1 in Stealth
  2966 | D:4      | Noticed a phantom
  2995 | D:4      | Reached XP level 6. HP: 26/48 MP: 10/10
  3020 | D:4      | Reached skill level 1 in Evocations
  3218 | D:4      | Learned a level 4 spell: Ice Form
  3291 | D:4      | Your scales start taking on a glossy black colour.
  3291 | D:4      | Reached XP level 7. HP: 8/56 MP: 10/12
  3291 | D:4      | Gained mutation: You are resistant to electric shocks.
                  | (rElec) [Black Draconian growth]
  3740 | D:4      | Reached skill level 5 in Unarmed Combat
  4131 | D:4      | Found a hazy altar of Hepliaklqana.
  4225 | D:5      | Entered Level 5 of the Dungeon
  4287 | D:5      | Noticed Eustachio
  4321 | D:5      | Killed Eustachio
  4458 | D:5      | You fall into a shaft and drop 3 floors!
  4507 | D:7      | HP: 2/57 [iguana (6)]
  4508 | D:7      | Slain by an iguana

Levels and vault maps discovered:
D:1:      lightli_arrival_isolated_outpost, layout_rooms, feat_on_display
D:2:      layout_loops_ring, first_ration, minmay_worlds_worst_comb,
          uniq_natasha
D:3:      layout_loops_ring, uniq_ijyb
D:4:      layout_loops_ring, lemuel_doored_altar,
          chequers_serial_rivers_micro_d, minmay_divided_ellipse
D:5:      layout_loops_corners, nicolae_overflow_hidden_temple,
          lemuel_crystal_altar, minmay_temple_entry_drinking_statues,
          minmay_door_square, uniq_prince_ribbit1, uniq_eustachio
D:7:      layout_basic
D:8:      layout_basic, gammafunk_temple_overflow_pools, lightli_temple_of_fire,
          ploomutoo_gammafunk_ghost_potion_laboratory

Skill      XL: |  1  2  3  4  5  6  7 |
---------------+----------------------+-----
Dodging        | 2 3 |  3.3
Transmutations | 3 4 |  4.1
Unarmed Combat | 4 5 |  5.3
Spellcasting   | 3 4 |  4.3
Fighting       | 2 3 |  3.0
Stealth        | 1 |  1.6
Evocations     | 1 2 |  2.2
Poison Magic   | |  0.2

Action                   |  1- 3 |  4- 6 |  7- 9 || total
-------------------------+-------+-------+-------++-------
Melee: Unarmed           |   120 |   169 |    74 ||   363
       Tailslap          |     9 |    16 |     9 ||    34
       Headbutt          |     2 |     4 |       ||     6
       Punch             |     2 |     1 |     1 ||     4
       Kick              |     6 |     6 |     5 ||    17
 Cast: Beastly Appendage |    11 |     7 |     8 ||    26
       Sticks to Snakes  |     5 |     2 |       ||     7
       Spider Form       |       |     1 |     2 ||     3
 Abil: Breathe Lightning |       |       |     3 ||     3
Evoke: Wand              |       |     5 |     2 ||     7
  Use: Scroll            |     2 |     6 |     2 ||    10
       Potion            |     1 |     5 |     2 ||     8
 Stab: Sleeping          |     1 |     4 |       ||     5
       Distracted        |     1 |       |       ||     1
  Eat: Chunk             |     3 |     6 |     3 ||    12
Armor: Skin              |    48 |    55 |    10 ||   113
Dodge: Dodged            |    84 |    86 |    53 ||   223

Table legend:
 A = Non-vault XP
 B = Vault XP
 C = Vault XP percentage of total XP
 D = Non-vault monster count
 E = Vault monster count
 F = Vault count percentage of total count
                 A         B        C        D         E       F
            +---------+---------+-------+---------+---------+-------
      Total |     800 |     554 |  40.9 |      77 |      17 |  18.1
            +---------+---------+-------+---------+---------+-------
        D:1 |      16 |       0 |   0.0 |       9 |       0 |   0.0
        D:2 |     161 |      31 |  16.1 |      22 |       5 |  18.5
        D:3 |      57 |      36 |  38.7 |      25 |       1 |   3.8
        D:4 |     315 |     290 |  47.9 |      12 |      10 |  45.5
        D:5 |       0 |     197 | 100.0 |       0 |       1 | 100.0
        D:7 |     251 |       0 |   0.0 |       9 |       0 |   0.0
            +---------+---------+-------+---------+---------+-------
